 Dungeon Crawl Stone Soup version 0.24.0-123-gd5b16e6ec5 (webtiles) character file.

Game seed: 7078429981406221863, levelgen mode: deterministic

14060 Elellon the Cleaver (level 11, -6/104 HPs)
             Began as a Deep Dwarf Fighter on Jan 9, 2020.
             Was a High Priest of Makhleb.
             Mangled by a very large slime creature (39 damage)
             ... on level 13 of the Dungeon.
             The game lasted 00:30:50 (9619 turns).

Elellon the Cleaver (Deep Dwarf Fighter)            Turns: 9619, Time: 00:30:52

Health: -6/104     AC: 20    Str: 23    XL:     11   Next: 83%
Magic:  6/6        EV:  8    Int:  9    God:    Makhleb [*****.]
Gold:   828        SH: 14    Dex: 12    Spells: 10/10 levels left

rFire    . . .     SeeInvis .   a - +1 war axe
rCold    . . .     Gourm    .   w - +2 shield
rNeg     . . .     Faith    .   N - +0 plate armour
rPois    +         Spirit   .   i - +0 helmet
rElec    .         Reflect  .   M - +0 cloak
rCorr    .         Harm     .   J - +2 pair of gloves
MR       +....                  (no boots)
Stlth    ..........             (no amulet)
HPRegen  0.00/turn              K - ring of poison resistance
MPRegen  0.10/turn              A - +2 ring of evasion

@: non-regenerating
A: damage resistance, heal wounds, sense surroundings 2, no regeneration
a: Heal Wounds, Minor Destruction, Lesser Servant of Makhleb, Major Destruction,
Greater Servant of Makhleb, Renounce Religion


You were on level 13 of the Dungeon.
You worshipped Makhleb.
Makhleb was extremely pleased with you.
You were not hungry.

You visited 2 branches of the dungeon, and saw 14 of its levels.

You collected 854 gold pieces.
You spent 26 gold pieces at shops.

Inventory:

Hand Weapons
 a - a +1 war axe (weapon)
 E - a +0 hunting sling
Missiles
 D - 105 sling bullets
Armour
 i - a +0 helmet (worn)
 w - a +2 shield (worn)
 J - a +2 pair of gloves (worn)
 M - a +0 cloak (worn)
 N - a +0 plate armour (worn)
Jewellery
 q - an uncursed ring of positive energy
 A - a +2 ring of evasion (right hand)
 F - an uncursed ring of protection from fire
 K - a ring of poison resistance (left hand)
 L - an uncursed ring of protection from fire
 O - an uncursed ring of ice
Wands
 c - a wand of digging (10)
 y - a wand of paralysis (3)
 Q - a wand of polymorph (11)
 T - a wand of enslavement (4)
Scrolls
 b - a scroll of brand weapon {unknown}
 e - 2 scrolls of enchant armour
 g - 9 scrolls of teleportation
 h - 6 scrolls of remove curse
 k - 2 scrolls of immolation {unknown}
 m - 5 scrolls of enchant weapon
 r - 3 scrolls of amnesia {unknown}
 s - a scroll of fog {unknown}
 t - 3 scrolls of magic mapping
 v - 3 scrolls of blinking {unknown}
 z - a scroll of noise {unknown}
 H - 5 scrolls of identify
 P - 2 scrolls of vulnerability {unknown}
 S - 3 scrolls of holy word {unknown}
Potions
 d - 5 potions of might
 j - 2 potions of invisibility {unknown}
 l - 2 potions of ambrosia {unknown}
 n - a potion of cancellation {unknown}
 o - 2 potions of mutation {unknown}
 p - a potion of magic {unknown}
 u - 2 potions of brilliance {unknown}
 x - 2 potions of haste
 B - 2 potions of agility {unknown}
 C - 2 potions of heal wounds {unknown}
 G - 4 potions of curing
 I - 2 potions of flight {unknown}
Comestibles
 f - 25 rations
 R - 8 chunks of flesh


   Skills:
 + Level 8.5 Fighting
 * Level 13.1 Axes
 + Level 10.0 Armour
 + Level 10.0 Shields


You had 10 spell levels left.
You didn't know any spells.
Your spell library contained the following spells:

 Spells                   Type           Power        Failure   Level  Hunger
 Animate Skeleton         Necr           N/A          100%        1    ##.....
 Apportation              Tloc           #.....       100%        1    ##.....
 Beastly Appendage        Tmut           #.....       100%        1    ##.....
 Confusing Touch          Hex            #.....       100%        1    ##.....
 Summon Small Mammal      Summ           #...         100%        1    ##.....
 Poisonous Vapours        Pois/Air       #.....       100%        2    ###....
 Sticks to Snakes         Tmut           #.......     100%        2    ###....
 Conjure Flame            Conj/Fire      #.......     100%        3    ####...
 Mephitic Cloud           Conj/Pois/Air  #.......     100%        3    ####...
 Spider Form              Tmut/Pois      #.........   100%        3    ####...
 Ice Form                 Ice/Tmut       #.......     100%        4    #####..
 Blade Hands              Tmut           #.........   100%        5    ######.
 Freezing Cloud           Conj/Ice/Air   #.........   100%        6    #######
 Ring of Flames           Chrm/Fire      #.........   100%        7    #######


Dungeon Overview and Level Annotations

Branches:
Dungeon (13/15)            Temple (1/1) D:4            Lair (0/6) D:10
    Orc (0/2) D:9
 Vaults: D:13-14

Altars:
Ashenzari
Cheibriados
Dithmenos
Elyvilon
Fedhas
Gozag
Hepliaklqana
Kikubaaqudgha
Makhleb
Nemelex Xobeh
Okawaru
Qazlal
Ru
Sif Muna
Trog
Uskayaw
Vehumet
Wu Jian
Xom
Yredelemnul
Zin
The Shining One
Beogh

Shops:
D:8 }%[?:


Innate Abilities, Weirdness & Mutations

You are resistant to damage.
You can heal yourself by infusing magical energy.
You passively map the area around you.
You do not regenerate.


Message History

You slash the slime creature! You slash the large slime creature!
You block the large slime creature's attack.
The slime creature hits you but does no damage.
You hit the slime creature.
The slime creature is moderately wounded.
You slash the slime creature! You slash the large slime creature!
You block the slime creature's attack.
Two slime creatures merge to form a very large slime creature.
You hit the slime creature but do no damage.
The slime creature is moderately wounded.
You slash the very large slime creature!
You slash the slime creature!
You block the slime creature's attack. x2
The very large slime creature hits you!!
You hit the slime creature.
The slime creature is moderately wounded.
You slash the slime creature!
You hit the very large slime creature but do no damage.
You block the slime creature's attack. x2
The very large slime creature hits you!!!
You die...

######...##'######+##
#..................#
##..................#
....................#
######..............#
#..............# *
#..............#####*
#.........J.........
,,
#.........J@...#### *
#.........J....#
####...........#
#...........#
#############


You could see a very large slime creature and 2 slime creatures.

Vanquished Creatures
  2 two-headed ogres (D:12)
  2 unseen horrors
  An ugly thing (D:11)
  A manticore (D:12)
  A cyclops (D:12)
  2 gargoyles
  A freezing wraith (D:12)
  2 trolls
  A hornet (D:12)
  2 hippogriffs
  A slime creature (D:13)
  A shadow (D:12)
  A spriggan (D:10)
  A wraith (D:12)
  9 yaks
  3 vampire mosquitoes (D:12)
  A hungry ghost (D:10)
  2 wargs (D:10)
  11 orc warriors
  3 sky beasts
  2 ogres
  2 phantoms
  4 ice beasts
  7 centaurs
  A necrophage (D:10)
  2 crocodiles (D:13)
  A big kobold (D:12)
  6 bullfrogs
  A water moccasin zombie (D:8)
  6 scorpions
  9 killer bees
  3 wights (D:6)
  5 electric eels
  4 howler monkeys
  5 crimson imps
  A bullfrog zombie (D:8)
  A quasit (D:12)
  11 hounds
  2 jellies
  5 orc wizards
  A bullfrog skeleton (D:12)
  4 orc priests (D:10)
  3 centaur skeletons
  Jessica (D:2)
  2 iguanas
  12 worker ants
  2 hound skeletons
  2 worker ant zombies
  11 gnolls
  A howler monkey skeleton (D:8)
  14 adders
  An adder skeleton (D:7)
  3 worms
  A dart slug (D:1)
  5 leopard geckos
  45 orcs
  5 giant cockroaches
  2 gnoll zombies (D:4)
  5 goblins
  5 hobgoblins
  9 jackals
  6 kobolds
  4 quokkas
  2 ball pythons
  4 bats
  6 frilled lizards
  A leopard gecko zombie (D:8)
  2 quokka skeletons
  8 rats
  4 plants (D:8)
297 creatures vanquished.

Vanquished Creatures (others)
  34 plants (D:8)
34 creatures vanquished.

Grand Total: 331 creatures vanquished

Notes
Turn   | Place    | Note
-------+----------+-------------------------------------------
     0 | D:1      | Elellon the Deep Dwarf Fighter began the quest for the Orb.
     0 | D:1      | Reached XP level 1. HP: 20/20 MP: 1/1
   236 | D:1      | Reached XP level 2. HP: 24/27 MP: 2/2
   770 | D:2      | Reached skill level 3 in Axes
   770 | D:2      | Reached XP level 3. HP: 26/34 MP: 3/3
   841 | D:2      | Noticed Jessica
   851 | D:2      | Killed Jessica
   851 | D:2      | Reached XP level 4. HP: 31/42 MP: 4/4
  1334 | D:3      | Reached skill level 4 in Axes
  1362 | D:3      | Reached XP level 5. HP: 25/49 MP: 4/4
  1595 | D:3      | Found a shadowy altar of Dithmenos.
  1736 | D:3      | Found a glowing silver altar of Zin.
  1737 | D:3      | Found a glowing golden altar of the Shining One.
  1738 | D:3      | Found a white marble altar of Elyvilon.
  1816 | D:4      | Noticed a phantom
  1909 | D:4      | Reached XP level 6. HP: 45/56 MP: 5/5
  1945 | D:4      | Found a staircase to the Ecumenical Temple.
  1967 | Temple   | Entered the Ecumenical Temple
  2072 | Temple   | Became a worshipper of Makhleb the Destroyer
  2121 | D:4      | Found a basalt altar of Yredelemnul.
  2144 | D:4      | You fall into a shaft and drop 1 floor!
  2144 | D:5      | Entered Level 5 of the Dungeon
  2207 | D:4      | Found an opulent altar of Gozag.
  2207 | D:4      | Found a sparkling altar of Nemelex Xobeh.
  2208 | D:4      | Found an ancient bone altar of Kikubaaqudgha.
  2258 | D:4      | Found a stormy altar of Qazlal.
  2260 | D:4      | Found a blossoming altar of Fedhas.
  2462 | D:4      | Reached skill level 5 in Axes
  2615 | D:5      | Reached XP level 7. HP: 51/64 MP: 6/6
  2629 | D:5      | Found a white marble altar of Elyvilon.
  2687 | D:5      | Reached skill level 5 in Armour
  2687 | D:5      | Reached skill level 5 in Shields
  2865 | D:5      | Reached skill level 6 in Axes
  2893 | D:5      | Found an iron altar of Okawaru.
  2901 | D:5      | Reached * piety under Makhleb
  3172 | D:6      | Found a snail-covered altar of Cheibriados.
  3521 | D:6      | Reached XP level 8. HP: 54/73 MP: 5/5
  3587 | D:6      | Reached skill level 7 in Axes
  3794 | D:6      | Reached skill level 5 in Fighting
  4296 | D:6      | Reached skill level 8 in Axes
  4603 | D:7      | Reached ** piety under Makhleb
  4677 | D:7      | Gained mutation: You passively map the area around you.
                  | [Deep Dwarf growth]
  4677 | D:7      | Reached XP level 9. HP: 42/81 MP: 6/6
  4973 | D:8      | Found a shimmering altar of Xom.
  4973 | D:8      | Found a shimmering altar of Xom.
  4973 | D:8      | Found a shimmering altar of Xom.
  4973 | D:8      | Found a shimmering altar of Xom.
  5038 | D:8      | Reached skill level 9 in Axes
  5041 | D:8      | Found Cyegolum's Magic Scroll Shoppe.
  5064 | D:8      | Bought a scroll of identify for 26 gold pieces
  5109 | D:8      | Found Mionlarph's Food Shoppe.
  5181 | D:8      | Found Hoeruat's Book Shop.
  5517 | D:8      | Found Hydahi's Gadget Shop.
  5563 | D:8      | Found Afafuigg's Armour Shop.
  5703 | D:8      | Noticed a faun
  5705 | D:8      | Found a shimmering altar of Xom.
  5705 | D:8      | Found a shimmering altar of Xom.
  5706 | D:8      | Found a shimmering altar of Xom.
  5848 | D:8      | Found a sparkling altar of Nemelex Xobeh.
  5923 | D:8      | Noticed a shining eye
  6029 | D:9      | Reached *** piety under Makhleb
  6064 | D:9      | Reached skill level 10 in Axes
  6161 | D:9      | Reached XP level 10. HP: 61/92 MP: 6/6
  6163 | D:9      | Found a staircase to the Orcish Mines.
  6858 | D:10     | Entered Level 10 of the Dungeon
  6934 | D:10     | Reached skill level 11 in Axes
  6936 | D:10     | Found a staircase to the Lair.
  7278 | D:10     | Reached **** piety under Makhleb
  7371 | D:10     | Found a roughly hewn altar of Beogh.
  7798 | D:11     | Noticed a cyan ugly thing
  7830 | D:11     | Killed a cyan ugly thing
  7942 | D:11     | Killed an unseen horror
  7942 | D:11     | Reached XP level 11. HP: 50/100 MP: 7/7
  8160 | D:11     | Reached skill level 12 in Axes
  8164 | D:11     | Reached ***** piety under Makhleb
  8252 | D:11     | Found an ancient bone altar of Kikubaaqudgha.
  8446 | D:12     | Noticed a two-headed ogre
  8458 | D:12     | Killed a two-headed ogre
  8873 | D:12     | Got an amber-encrusted scale mail
  8887 | D:12     | Identified the cursed +1 scale mail of the Zebra {Regen+}
                  | (You found it on level 12 of the Dungeon)
  8901 | D:12     | Noticed a two-headed ogre
  8922 | D:12     | Killed a two-headed ogre
  9037 | D:12     | Killed an unseen horror
  9223 | D:12     | Reached skill level 13 in Axes
  9420 | D:13     | Reached skill level 10 in Shields
  9425 | D:13     | Reached skill level 10 in Armour
  9619 | D:13     | Mangled by a very large slime creature

Levels and vault maps discovered:
D:1:      sevenhm_arrival_forest_fort_large_2, layout_loops_ring
D:2:      layout_rooms, grunt_ministairs_3, kennysheep_jessica_study
D:3:      layout_rooms, good_gods_temple_1, grunt_dithmenos_smoke_and_mirrors
D:4:      layout_rooms, grunt_temple_overflow_forces_of_nature,
          gammafunk_temple_overflow_forgotten, lemuel_zombie_altar_yredelemnul,
          minmay_temple_entry_drinking_statues, first_ration
D:5:      layout_basic, kennysheep_okawaru_gauntlet, serial_glass,
          glass_columns_b, glass_columns_a, hangedman_decor_points,
          elyvilon_altar_5
D:6:      layout_basic, lemuel_crystal_altar, serial_co_window_serial,
          co_window_paths_b, co_window_of_opportunity_a, co_window_corner_a,
          co_window_paths_a, co_window_paths_a, co_window_corner_b,
          co_window_unsneaky_path_c, co_window_corner_ca, co_window_broadway_a,
          co_window_2corner, glass_columns_a, glass_columns_b, glass_columns_a,
          glass_columns_c, glass_columns_a
D:7:      layout_gridville
D:8:      layout_rooms, xom_shifter_show, serial_shops, kennysheep_mini_moat,
          kennysheep_little_box, nicolae_shop_competitors_out_of_business,
          shop_fountains, shop, serial_bayou, serial_bayou_lagoon_b,
          serial_bayou_pond_c, serial_bayou_pond_c, serial_bayou_pond_e,
          nemelex_altar_shiori
D:9:      layout_loops_ring, david_orc_2
D:10:     layout_roguey [special_room_orc], erik_lair_orcish_takeover,
          the_bakery
D:11:     layout_irregular_city, basic_altar
D:12:     minmay_dotted_concentric_squares, layout_loops_corners
D:13:     layout_basic
Temple:   kb_temple_of_zot

Skill      XL: |  1  2  3  4  5  6  7  8  9 10 11 |
---------------+----------------------------------+-----
Fighting       | 3 4 5 6 7 8 |  8.5
Axes           | 3 4 5 6 8 10 11 13 | 13.1
Armour         | 4 5 6 7 9 10 | 10.0
Shields        | 4 5 6 7 9 10 | 10.0

Action                   |  1- 3 |  4- 6 |  7- 9 | 10-12 || total
-------------------------+-------+-------+-------+-------++-------
Melee: War axe           |    73 |   211 |   455 |   576 ||  1315
 Fire: Hunting sling     |       |       |     7 |       ||     7
 Abil: Heal Wounds       |       |     5 |    12 |     6 ||    23
  Use: Scroll            |       |     3 |     5 |     6 ||    14
  Eat: Chunk             |       |     6 |    12 |    13 ||    31
Armor: Scale mail        |    49 |   105 |   189 |    26 ||   369
       Plate armour      |       |       |       |   235 ||   235
Dodge: Dodged            |    19 |    52 |   141 |   131 ||   343
Block: Shield            |    35 |   105 |   320 |   381 ||   841
